 Dungeon Crawl Stone Soup version 0.29.1 (webtiles) character file.

Game seed: 4612936845322207926

29 Artool the Ducker (level 3, 28/28 HPs)
             Began as a Demonspawn Gladiator on Sept 14, 2022.
             Quit the game on level 1 of the Dungeon.
             The game lasted 00:01:10 (1365 turns).

Artool the Ducker (Demonspawn Gladiator)            Turns: 1365, Time: 00:01:11

Health: 28/28      AC:  4    Str: 16    XL:     3   Next: 1%
Magic:  3/3        EV: 12    Int:  9    God:
Gold:   40         SH:  0    Dex: 14    Spells: 2/2 levels left

rFire   . . .      SeeInvis .   a - +0 flail
rCold   . . .      Faith    .   (no shield)
rNeg    . . .      Spirit   .   b - +0 leather armour
rPois   .          Reflect  .   c - +0 helmet
rElec   .          Harm     .   (no cloak)
rCorr   .          Rampage  .   (no gloves)
Will    .....                   (no boots)
Stlth   +.........              (no amulet)
HPRegen 0.09/turn               n - ring of flight
MPRegen 0.08/turn               (no ring)

@: flying
A: claws 1, powered by pain 1
a: no special abilities


You were on level 1 of the Dungeon.
You visited 1 branch of the dungeon, and saw 1 of its levels.

You collected 40 gold pieces.

Inventory:

Hand Weapons
 a - a +0 flail (weapon)
Missiles
 d - 3 throwing nets (quivered)
 e - a javelin
Armour
 b - a +0 leather armour (worn)
 c - a +0 helmet (worn)
Jewellery
 n - a ring of flight (left claw)
Scrolls
 g - a scroll of fog {unknown}
 h - a scroll of blinking {unknown}
 i - a scroll of fear {unknown}
 j - 4 scrolls of identify {unknown}
 k - a scroll of teleportation {unknown}
 l - a scroll of magic mapping {unknown}
 m - a scroll of brand weapon {unknown}
Potions
 f - a potion of mutation {unknown}


   Skills:
 + Level 2.4 Fighting
 + Level 3.0 Maces & Flails
 - Level 1.7 Throwing
 + Level 1.0 Armour
 + Level 3.0 Dodging


You had 2 spell levels left.
You didn't know any spells.
Your spell library contained the following spells:

 Spells                   Type           Power      Damage    Failure   Level
 Shock                    Conj/Air       0%         1d3       45%         1
 Swiftness                Air            0%         N/A       83%         3
 Airstrike                Air            0%         2d(0-16)  99%         4


Dungeon Overview and Level Annotations

Branches:
Dungeon (1/15)

Altars:


Innate Abilities, Weirdness & Mutations

You have sharp fingernails.
You sometimes gain a little power by taking damage.


Message History

Key pressed, stopping explore.
No target in view!
j - 4 scrolls labelled OHUEG YZIS (gained 1)
You see here a quokka corpse.
m - a scroll labelled SUC RICWUSUNT
n - a ring of flight You fly up into the air.
n - a ring of flight (left hand) 2 jackals come into view.
Found a ring mail.
The jackal barks!
The jackal barks!
The jackal closely misses you.
You hit the jackal.
You kill the jackal!
The jackal closely misses you.
Your Armour skill increases to level 1!
You hit the jackal.
The jackal is severely wounded.
The jackal bites you but does no damage.
The jackal closely misses you.
You hit the jackal.
You kill the jackal!
You have reached level 3!
Your experience leads to an increase in your attributes!
Increase (S)trength, (I)ntelligence, or (D)exterity?
You feel stronger. x2; Your demonic ancestry asserts itself...
Your fingernails lengthen.
You see here a jackal corpse.
You see here a +0 ring mail.
Done exploring.
No target in view!
Done exploring.
No target in view!
Done exploring.
No target in view!
Done exploring.
No target in view!
Done exploring.
Are you sure you want to abandon this character and quit the game? (Confirm with "yes".)

#############
#...........#
#.#########.# #.# #.#
#.# ######.### #†#
##.##.....#
#.###@#.#.....##### #
#.##.###..........####
#.###.#.#.†...###.....
#.# ##.##.....# #.....
#[# #.####.### #.##.#
#.# #.# #.# #.###.
#.####.####.#####.# ##
#...........##....# #
######.#######.#### #


There were no monsters in sight!

Vanquished Creatures
  A dart slug (D:1)
  7 ball pythons (D:1)
  An endoplasm (D:1)
  3 goblins (D:1)
  2 hobgoblins (D:1)
  2 jackals (D:1)
  2 quokkas (D:1)
  2 frilled lizards (D:1)
  3 kobolds (D:1)
  4 rats (D:1)
27 creatures vanquished.

Notes
Turn   | Place    | Note
-------+----------+-------------------------------------------
     0 | D:1      | Artool the Demonspawn Gladiator began the quest for the
                  | Orb.
     0 | D:1      | Reached XP level 1. HP: 16/16 MP: 1/1
   152 | D:1      | Found a faded altar of an unknown god.
   158 | D:1      | Gained mutation: You sometimes gain a little power by
                  | taking damage. [demonic ancestry]
   158 | D:1      | Reached XP level 2. HP: 22/22 MP: 2/2
  1342 | D:1      | Reached skill level 1 in Armour
  1344 | D:1      | Gained mutation: You have sharp fingernails. [demonic
                  | ancestry]
  1344 | D:1      | Reached XP level 3. HP: 28/28 MP: 3/3
  1365 | D:1      | Quit the game

Illustrated notes

Levels and vault maps discovered:
D:1:      eino_arrival_druids_welcome, layout_loops_ring,
          nicolae_ecumenical_snake_handling, nrook_loot_triangle

Skill      XL: |  1  2 |
---------------+-------+-----
Dodging        | 3 |  3.0
Maces & Flails | 3 |  3.0
Armour         | 1 |  1.0
Fighting       | |  2.4
Throwing       | |  1.7

Action                   || total
-------------------------++-------
Melee: Flail             ||    78
 Stab: Sleeping          ||     1
Armor: Leather armour    ||    26
Dodge: Dodged            ||    53
